 Dungeon Crawl Stone Soup version 0.19-a0-1019-g9c6a58d (webtiles) character file.

22 Musica the Stinger (level 2, -2/17 HPs)
             Began as an Octopode Venom Mage on July 20, 2016.
             Slain by a worm (9 damage)
             ... on level 3 of the Dungeon on July 25, 2016.
             The game lasted 00:04:07 (681 turns).

Musica the Stinger (Octopode Venom Mage)             Turns: 681, Time: 00:04:08

Health: -2/17      AC:  1    Str:  7    XL:     2   Next: 91%
Magic:  5/5        EV: 12    Int: 17    God:
Gold:   36         SH:  0    Dex: 12    Spells: 1 memorised, 4 levels left

rFire  . . .     SeeInvis .     (no weapon)
rCold  . . .     Gourm    .     (no shield)
rNeg   . . .     Faith    .     (helmet restricted)
rPois  .         Spirit   .     (no amulet)
rElec  .         Dismiss  .     (no ring)
rCorr  .         Reflect  .     (no ring)
SustAt .         Harm     .     (no ring)
MR     .....                    (no ring)
Stlth  +++.......               (no ring)
                                (no ring)
                                (no ring)
                                (no ring)

@: not resistant to hostile enchantments, fairly stealthy
A: almost no armour, amphibious, 8 rings, constrict 8, camouflage 1, gelatinous
body 1
a: no special abilities


You were on level 3 of the Dungeon.
You were not hungry.

You visited 1 branch of the dungeon, and saw 3 of its levels.

You collected 36 gold pieces.

Inventory:

Hand Weapons
 f - a +2 whip of pain
Missiles
 h - 23 sling bullets
Jewellery
 i - a cursed -4 ring of intelligence {unknown}
Scrolls
 d - a scroll of remove curse {unknown}
 e - a scroll of random uselessness {unknown}
Potions
 c - a potion of curing {unknown}
Books
 a - a Young Poisoner's Handbook

   Spells                             Type                      Level
   a - Sting                          Conjuration/Poison           1
   b - Mephitic Cloud                 Conjuration/Poison/Air       3
   c - Olgreb's Toxic Radiance        Poison                       4
   d - Alistair's Intoxication        Transmutation/Poison         5
   e - Venom Bolt                     Conjuration/Poison           5
Comestibles
 b - 2 bread rations
 g - 3 chunks of flesh


   Skills:
 - Level 2.0 Dodging
 + Level 2.8 Stealth
 + Level 2.0 Spellcasting
 * Level 0.2 Conjurations
 + Level 5.7 Poison Magic


You had 4 spell levels left.
You knew the following spells:

 Your Spells              Type           Power        Failure   Level  Hunger
a - Sting                 Conj/Pois      ##..         10%         1    #......


Dungeon Overview and Level Annotations

Branches:
Dungeon (3/15)

Altars:


Innate Abilities, Weirdness & Mutations

You cannot wear most types of armour.
You are amphibious.
You can wear up to eight rings at the same time.
You can use your tentacles to constrict eight enemies at once.
Your skin changes colour to match your surroundings (Stealth+).
Your rubbery body absorbs attacks. (AC +1)


Message History

You butcher the hobgoblin corpse.
g - 3 chunks of flesh You see here a hobgoblin skeleton.
Found 17 stones.
You see here 23 sling bullets.
There are no items here.
You see here 23 sling bullets.
h - 23 sling bullets
There is a stone staircase leading down here.
You climb downwards.
A worm comes into view.
Found an emerald ring, 12 gold pieces and a scroll labeled ZUMYUM OFATZ.
There is a stone staircase leading up here.
A kobold comes into view.
You see here an emerald ring.
i - an emerald ring The worm bites you!
The worm bites you!
Ouch! That really hurt!
You die...

.. .## ..## #...
######## ..#
#......##.#
#......#..#
#......@.####.##.
#...<..w.K.......
#......######.#..
..........#
............
..........###
.$....#####
...?## ....


You could see a worm and a kobold.

Vanquished Creatures
  An adder (D:2)
  A dart slug (D:1)
  A giant gecko (D:1)
  A giant cockroach (D:1)
  A goblin (D:2)
  2 hobgoblins (D:2)
  A bat (D:2)
  A giant newt (D:1)
  A kobold (D:1)
  A rat (D:2)
11 creatures vanquished.

Notes
Turn   | Place    | Note
-------+----------+-------------------------------------------
     0 | D:1      | Musica the Octopode Venom Mage began the quest for the Orb.
     0 | D:1      | Reached XP level 1. HP: 11/11 MP: 3/3
    43 | D:1      | Reached skill level 5 in Poison Magic
   393 | D:1      | Reached XP level 2. HP: 17/17 MP: 3/5
   415 | D:2      | Upgraded the game from 0.19-a0-1007-g133f65f to 0.19-a0-1019-g9c6a58d
   681 | D:3      | Slain by a worm

Vault maps used:
D:1:      dpeg_arrival_signposts
D:2:      kennysheep_flooded_box
D:3:      uniq_natasha

Skill      XL: |  1 |
---------------+----+-----
Poison Magic   | 5 |  5.7
Dodging        | |  2.0
Stealth        | |  2.8
Spellcasting   | |  2.0
Conjurations   | |  0.2

Action                   || total
-------------------------++-------
Melee: Unarmed           ||    22
       Constrict         ||     6
       Tentacles         ||     2
 Cast: Sting             ||    13
Armor: Skin              ||     4
Dodge: Dodged            ||    10
